Map: Overgrown Facility

Players

NATAS

  • Race: Terran Terran
  • League: Gold
  • Spawn Location: 7:00

Mark

  • Race: Terran Terran
  • Spawn Location: 9:00

MonstroTown - Winner!

  • Race: Terran Terran
  • Spawn Location: 1:00

Michael - Winner!

  • Race: Zerg Zerg
  • Spawn Location: 3:00

VOD

Have the link to the VOD?

Description

Time

  • Played on: Aug. 28, 2018, 8:18 p.m.
  • Length: 16:53
Show
View Real Time Build Order
Export as new Build Order

NATAS Terran 

Build Orders:  

Get SALT Encoding   

  12  0:01  SCV  
  13  0:13  SCV  
  14  0:25  SCV  
  15  0:38  Supply Depot  
  15  0:58  Supply Depot  
  15  1:00  SCV  
  15  1:02  Barracks  
  16  1:21  Barracks  
  17  1:25  SCV  
  17  1:37  SCV  
  18  1:43  Supply Depot  
  18  1:49  SCV  
  19  1:54  Marine  
  20  2:02  SCV  
  21  2:12  Marine  
  21  2:14  SCV  
  23  2:17  Command Center  
  23  2:26  SCV  
  24  2:34  Marine x2  
  25  2:51  Marine x2  
  27  3:06  Refinery  
  27  3:09  Marine, Refinery  
  28  3:18  Command Center  
  28  3:37  Marine x2  
  30  3:49  SCV  
  30  3:55  Marine x2  
  31  4:01  SCV  
  34  4:13  SCV, Marine x2  
  34  4:15  Engineering Bay  
  37  4:18  Engineering Bay  
  37  4:25  SCV  
  37  4:29  SCV  
  37  4:31  Marine  
  40  4:32  SCV  
  40  4:37  SCV  
  42  4:41  SCV  
  42  4:44  SCV  
  44  4:46  Refinery  
  44  4:49  SCV  
  45  4:53  SCV  
  45  4:54  Refinery  
  45  4:56  SCV  
  47  5:01  SCV  
  47  5:02  Refinery  
  47  5:05  SCV  
  49  5:08  SCV  
  49  5:09  Refinery  
  49  5:13  SCV  
  51  5:14  Marine x2  
  51  5:17  SCV  
  54  5:32  Marine x2  
  54  5:33  Planetary Fortress  
  56  5:48  Planetary Fortress  
  55  5:53  Command Center  
  55  5:55  Orbital Command  
  48  6:17  Barracks Reactor  
  44  6:19  Barracks Reactor  
  44  6:21  Bunker  
  44  6:26  Bunker  
  44  6:30  SCV  
  45  6:33  SCV  
  46  6:40  SCV  
  46  6:43  SCV  
  46  6:45  SCV  
  49  6:52  SCV  
  50  6:55  SCV  
  50  6:59  Marine x2  
  50  7:00  Marine x2  
  55  7:05  Missile Turret  
  55  7:07  SCV  
  55  7:08  Missile Turret  
  56  7:11  Factory  
  56  7:14  Supply Depot  
  56  7:19  SCV  
  57  7:31  SCV  
  58  7:37  Missile Turret  
  58  7:40  Hi-Sec Auto Tracking  
  58  7:41  Building Armor  
  58  7:43  SCV  
  59  7:45  Missile Turret  
  59  7:50  Factory  
  59  7:51  Planetary Fortress  
  59  7:54  Factory  
  59  7:55  SCV  
  59  7:56  Missile Turret  
  59  7:58  Command Center  
  60  8:04  Factory Tech Lab  
  60  8:05  Missile Turret  
  60  8:06  Marine x4  
  60  8:07  SCV  
  65  8:19  SCV  
  66  8:23  Marine  
  66  8:24  Marine x2  
  66  8:26  Missile Turret  
  69  8:27  SCV  
  69  8:31  SCV  
  71  8:36  Siege Tank  
  71  8:39  SCV  
  75  8:44  Missile Turret, SCV  
  75  8:45  Factory Tech Lab  
  72  8:51  SCV  
  64  9:04  SCV  
  64  9:06  Factory Tech Lab  
  64  9:09  Siege Tank  
  60  9:13  Planetary Fortress  
  60  9:16  SCV  
  52  9:20  Siege Tank  
  50  9:37  Siege Tank  
  53  9:43  Supply Depot  
  53  9:48  Missile Turret  
  53  9:49  Missile Turret  
  53  9:50  Missile Turret  
  53  9:52  Siege Tank  
  53  9:53  Missile Turret  
  53  10:09  Siege Tank  
  54  10:24  Siege Tank  
  54  10:41  Siege Tank  
  57  11:15  SCV  
  58  11:19  SCV x2  
  60  11:27  SCV  
  60  11:29  Refinery  
  60  11:31  SCV x2  
  63  11:39  SCV  
  64  11:43  SCV  
  64  11:44  SCV  
  66  11:51  SCV  
  67  11:55  SCV, Starport  
  67  11:58  Starport x2  
  68  12:02  Starport  
  68  12:03  SCV  
  68  12:06  Starport  
  59  12:23  Orbital Command  
  59  12:25  Starport  
  57  12:33  Starport  
  53  12:38  Starport  
  53  12:42  Starport  
  52  12:52  Starport  
  51  13:26  Fusion Core  
  51  13:28  Starport Tech Lab x2  
  51  13:29  Starport Tech Lab  
  51  13:30  Orbital Command  
  51  13:33  Starport Tech Lab  
  51  13:40  Starport Tech Lab  
  16  14:37  Battlecruiser  
  16  14:38  Battlecruiser  
Show
View Real Time Build Order
Export as new Build Order

Mark Terran 

Build Orders:  

Get SALT Encoding   

  12  0:02  SCV  
  13  0:14  SCV  
  14  0:25  Supply Depot  
  14  0:26  SCV  
  15  0:33  Refinery  
  15  0:54  Supply Depot  
  15  0:57  Barracks  
  15  1:02  SCV  
  16  1:14  SCV  
  17  1:26  SCV  
  18  1:38  SCV  
  19  1:44  Factory  
  19  1:46  Marine  
  20  1:52  Orbital Command  
  20  1:57  Refinery  
  20  2:04  Marine  
  21  2:22  Marine  
  22  2:25  Supply Depot  
  22  2:32  Factory Reactor  
  22  2:35  Factory  
  22  3:10  Bunker  
  22  3:13  Cyclone x2  
  28  3:22  Factory Reactor  
  28  3:24  Supply Depot  
  28  3:25  Marine  
  29  3:41  Supply Depot  
  29  3:43  Marine  
  29  3:48  Cyclone  
  33  3:52  Cyclone  
  36  3:58  SCV  
  37  4:11  SCV  
  37  4:13  Cyclone  
  41  4:23  SCV, Supply Depot  
  42  4:35  SCV  
  43  4:47  Engineering Bay, SCV  
  44  4:59  SCV  
  45  5:01  Command Center  
  27  6:20  Widow Mine x3  
  27  6:21  Widow Mine  
  35  6:27  Missile Turret  
  35  6:33  Orbital Command  
  35  6:34  Refinery  
  35  6:40  Refinery  
  35  6:41  Widow Mine  
  35  6:42  Widow Mine x3  
  43  7:03  Widow Mine x4  
  40  7:24  Widow Mine x3  
  40  7:25  Widow Mine  
  30  7:46  Widow Mine  
  30  7:48  Widow Mine  
Show
View Real Time Build Order
Export as new Build Order

MonstroTown Terran - Winner!

Build Orders: Reaper Expand, MMM Bio 

Get SALT Encoding   

  12  0:01  SCV  
  13  0:13  SCV  
  14  0:18  Supply Depot  
  14  0:25  SCV  
  15  0:40  SCV  
  15  0:41  Barracks  
  16  0:47  Refinery  
  16  0:52  SCV  
  17  1:04  SCV  
  18  1:16  SCV  
  19  1:30  Reaper  
  20  1:36  Command Center  
  20  1:45  Orbital Command  
  20  2:05  Supply Depot  
  20  2:06  Barracks Reactor  
  20  2:12  SCV  
  21  2:36  SCV  
  22  2:48  SCV  
  23  2:57  Marine  
  24  3:00  Orbital Command  
  24  3:08  Factory  
  24  3:09  Engineering Bay  
  24  3:12  Barracks  
  24  3:13  SCV  
  24  3:14  Engineering Bay  
  24  3:17  Refinery  
  25  3:23  Marine  
  25  3:25  SCV  
  27  3:35  Marine  
  27  3:46  SCV  
  27  3:47  SCV  
  29  3:48  Marine  
  30  3:59  SCV x2  
  32  4:08  Barracks Reactor  
  32  4:10  Barracks Tech Lab  
  32  4:11  SCV x2, Factory Tech Lab  
  32  4:15  Marine x2  
  32  4:17  Bunker  
  36  4:26  SCV x2  
  38  4:36  Marine  
  38  4:37  Marine  
  38  4:38  Siege Tank, SCV, Marauder  
  46  4:43  Starport  
  46  4:44  Stimpack  
  46  4:46  Command Center  
  46  5:05  Barracks  
  46  5:20  Supply Depot  
  46  5:22  Supply Depot  
  46  5:42  Siege Tank  
  48  5:43  Marine  
  48  5:44  Marine x2  
  44  5:53  Medivac  
  40  5:57  Barracks Reactor  
  40  6:01  Marine x2  
  41  6:21  Orbital Command  
  41  6:23  SCV x2  
  41  6:25  Marine x2  
  47  6:26  Marauder  
  47  6:35  SCV  
  47  6:36  Marine x2  
  47  6:38  Medivac  
  52  6:42  Marine  
  55  6:47  Marauder  
  55  6:49  Marine  
  55  6:50  Siege Tank  
  59  6:54  Marine x2  
  59  6:59  Terran Infantry Weapons Level 1  
  59  7:00  Marine  
  59  7:01  SCV x3  
  64  7:07  Marine  
  68  7:08  Marauder  
  68  7:13  SCV x3  
  71  7:22  Marine x3  
  74  7:24  Marine  
  74  7:25  SCV x2  
  77  7:31  Supply Depot  
  77  7:32  Supply Depot  
  77  7:34  Supply Depot  
  77  7:52  Medivac, Marine x5  
  77  7:53  SCV  
  77  7:56  Supply Depot x2  
  83  8:10  Marine x4  
  83  8:11  Marauder  
  89  8:14  Combat Shields  
  89  8:19  Refinery  
  89  8:21  Refinery  
  89  8:22  Medivac  
  89  8:24  Refinery  
  89  8:26  Refinery  
  91  8:28  Marine  
  91  8:32  Marauder  
  94  8:40  Marine x3  
  97  8:46  Marine  
  96  8:53  Marine  
  96  8:54  Terran Infantry Armor Level 1  
  93  9:00  Marine x3  
  96  9:04  Marine  
  96  9:11  Marine  
  91  9:18  Marine x3  
  91  9:21  Marine  
  90  9:29  Marine  
  81  9:35  Barracks  
  81  9:36  Marine  
  81  9:37  Barracks  
  81  9:40  Barracks  
  81  9:41  Barracks  
  78  9:55  Marine  
  78  9:56  Marine x4  
  78  10:13  Starport Tech Lab, Marine x2  
  78  10:14  Marine  
  77  10:32  Marine  
  77  10:33  Marine x2  
  70  10:53  Barracks Tech Lab x2, Barracks Reactor x2  
  64  10:59  Armory  
  59  11:18  Command Center  
  56  11:22  Command Center  
  56  11:32  Marine  
  56  11:33  Marine x4  
  56  11:34  Marine x3  
  56  11:35  Concussive Shells  
  56  11:37  Marauder x3  
  56  11:38  Siege Tank  
  73  11:42  Banshee  
  76  11:48  SCV x3  
  79  11:59  Marauder x2  
  79  12:00  SCV x3  
  86  12:12  SCV x2  
  88  12:33  Marine x2  
  86  13:04  Marine x4  
  90  13:12  Marine x3  
  92  13:14  Raven  
  92  13:16  Marauder x3  
  92  13:17  Siege Tank  
  92  13:19  Orbital Command  
  104  13:22  Orbital Command  
  104  13:34  Marine  
  104  13:35  Marine x4  
  104  13:36  Marine x3  
  104  13:37  Marauder, Marine  
  104  13:38  Marauder  
  117  13:52  Marine x2  
  117  13:53  Marine  
  117  13:54  Marine x4  
  124  13:57  Medivac  
  124  13:58  Marine x2  
  124  13:59  Thor  
  134  14:09  Marine  
  134  14:10  Marine x2  
  134  14:16  Marauder  
  134  14:17  Marine x5  
  139  14:18  Marine x2  
  146  14:28  Marine  
  146  14:29  Barracks x2  
  147  14:31  Barracks  
  147  14:32  Barracks  
  147  14:40  Supply Depot  
  147  14:42  Supply Depot  
  147  14:45  Supply Depot  
  147  14:47  Marine  
  147  14:48  Marauder  
  147  14:51  Marine  
  146  14:53  Marauder  
  146  14:54  Marauder  
  121  15:09  Marauder  
  123  15:14  Marauder  
  123  15:15  Marauder  
  123  15:16  Marine x2  
  123  15:17  Marine x3  
  123  15:18  Barracks Tech Lab x2  
  123  15:20  Thor  
  138  15:21  Raven  
  140  15:30  Marauder  
  140  15:35  Marine x4  
  144  15:36  Marauder, Marine x5  
  144  15:37  Marine  
  153  15:58  Marine x5  
  153  15:59  Marine x5  
  153  16:00  Marine x3  
  166  16:08  Barracks Reactor  
  166  16:14  Barracks  
  166  16:16  Barracks  
  166  16:17  Barracks  
  166  16:18  Barracks  
  166  16:22  Marine, Barracks  
  166  16:24  Barracks  
  170  16:27  Supply Depot  
  170  16:28  Supply Depot  
  170  16:29  Supply Depot  
  170  16:31  Supply Depot  
  170  16:32  Marine  
  179  16:52  Supply Depot  
Show
View Real Time Build Order
Export as new Build Order

Michael Zerg - Winner!

Build Orders: Hatch First 

Get SALT Encoding   

  12  0:01  Drone  
  13  0:13  Overlord  
  13  0:18  Drone  
  14  0:31  Drone x2  
  14  0:35  Drone  
  17  0:58  Hatchery  
  17  0:59  Drone  
  17  1:02  Drone  
  18  1:07  Extractor  
  17  1:20  Spawning Pool  
  17  1:22  Drone  
  17  1:26  Drone  
  17  1:31  Drone  
  19  1:40  Drone  
  20  1:50  Overlord  
  20  2:01  Drone  
  21  2:07  Queen  
  23  2:10  Queen  
  23  2:12  Zergling x2  
  23  2:14  Zergling x2  
  27  2:21  Metabolic Boost  
  27  2:24  Drone  
  27  2:27  Drone  
  29  2:31  Drone  
  29  2:34  Drone  
  31  2:42  Drone  
  32  2:58  Drone, Hatchery  
  32  3:01  Drone  
  32  3:03  Drone  
  34  3:11  Baneling Nest  
  33  3:19  Roach Warren, Drone  
  33  3:22  Drone  
  33  3:25  Extractor  
  34  3:27  Drone x2  
  34  3:30  Drone  
  36  3:35  Overlord  
  36  3:40  Overlord  
  36  3:56  Lair  
  36  4:02  Roach x4  
  44  4:07  Overlord  
  44  4:08  Overlord  
  44  4:10  Overlord  
  44  4:16  Queen  
  46  4:18  Drone  
  46  4:21  Drone  
  46  4:22  Drone  
  46  4:24  Drone  
  50  4:26  Drone  
  50  4:28  Drone  
  52  4:32  Drone x2  
  52  4:34  Drone  
  55  4:39  Drone x3  
  55  4:44  Extractor, Drone  
  55  4:45  Extractor, Drone  
  58  4:48  Drone  
  59  4:53  Roach x2  
  63  5:01  Queen  
  63  5:03  Drone x3  
  63  5:05  Drone  
  69  5:12  Roach x2  
  73  5:14  Overlord  
  73  5:15  Overlord  
  65  5:30  Roach x4  
  65  5:31  Roach  
  65  5:33  Zergling x2  
  65  5:34  Zergling x8  
  65  5:35  Zergling x2  
  79  5:47  Drone  
  81  5:50  Drone  
  81  5:59  Zergling x2  
  81  6:01  Overlord x6  
  76  6:14  Roach x3  
  81  6:22  Roach x6  
  81  6:23  Roach x5  
  103  6:29  Glial Reconstitution  
  103  6:34  Spore Crawler  
  103  6:39  Roach  
  105  6:40  Roach x4  
  111  6:52  Roach x3  
  117  6:54  Zergling x10  
  117  6:55  Zergling x4  
  123  7:21  Roach x5  
  129  7:23  Zergling x2  
  129  7:24  Overlord x2  
  129  7:25  Overlord x6  
  118  7:45  Roach x3  
  118  7:46  Roach x5  
  134  8:02  Roach x4  
  134  8:03  Roach  
  134  8:04  Zergling x8  
  148  8:11  Roach x2  
  152  8:18  Roach  
  152  8:19  Zergling x2, Roach  
  157  8:20  Zergling x10  
  150  8:50  Roach x3  
  150  8:51  Roach x3  
  150  8:52  Zergling x18  
  147  9:08  Roach x4  
  137  9:11  Zergling x2  
  115  9:26  Zergling x10  
  98  9:39  Roach x3  
  92  9:47  Roach  
  94  10:01  Hatchery  
  93  10:07  Hatchery  
  93  10:08  Drone x8  
  95  10:28  Roach x10  
  83  10:29  Roach x2  
  98  10:41  Hatchery  
  94  10:45  Hatchery  
  86  11:10  Queen  
  86  11:13  Extractor x2  
  84  11:23  Spire  
  84  11:24  Spire  
  82  11:27  Infestation Pit  
  81  11:35  Queen  
  81  11:37  Queen  
  85  11:43  Zergling x24  
  85  11:44  Zergling x24  
  109  12:07  Hive  
  109  12:14  Drone x2  
  111  12:15  Drone  
  111  12:17  Drone x3  
  111  12:20  Drone  
  111  12:21  Drone  
  117  12:23  Drone x5  
  117  12:24  Drone x4  
  126  12:34  Extractor  
  125  12:38  Extractor  
  124  12:46  Zerg Flyer Armor Level 1  
  124  12:49  Zerg Flyer Weapons Level 1  
  124  12:50  Mutalisk x2  
  128  12:54  Drone x3  
  128  12:56  Drone x2  
  128  12:57  Drone  
  134  13:04  Drone x2  
  136  13:19  Mutalisk x15  
  144  13:21  Mutalisk  
  144  13:26  Mutalisk  
  170  13:30  Zergling x4  
  170  13:31  Zergling x30  
  187  13:35  Queen  
  187  13:38  Drone  
  190  13:44  Extractor, Drone  
  190  13:45  Extractor  
  190  13:46  Mutalisk x4  
  197  13:51  Mutalisk  
  173  14:10  Mutalisk  
  173  14:11  Mutalisk x3  
  166  14:18  Mutalisk x2  
  158  14:24  Zergling x2  
  158  14:25  Zergling x42  
  172  14:48  Mutalisk x6  
  172  14:51  Zergling x16  
  168  15:00  Mutalisk x2  
  168  15:01  Mutalisk  
  168  15:06  Mutalisk  
  173  15:07  Zergling x2  
  173  15:08  Zergling x14  
  173  15:09  Zergling x2  
  173  15:12  Mutalisk  
  183  15:26  Mutalisk  
  183  15:27  Mutalisk x2  
  189  15:32  Mutalisk  
Tags
 
Add a new tag
Caveats
  • Supply blocks, unpowered buildings, or Contaminate may cause inaccurate times.
  • Supply counts are checked every 10 seconds.